 Dungeon Crawl Stone Soup version 0.24.0-13-gcf9b319 (webtiles) character file.

Game seed: 2762244388984360758, levelgen mode: deterministic

234 Doobh the Bolt Thrower (level 6, 0/37 HPs)
             Began as a Kobold Hunter on Jan 5, 2020.
             Slain by Crazy Yiuf
             ... wielding a +4 quarterstaff of chaos
              (5 damage)
             ... while petrified by Crazy Yiuf
             ... on level 3 of the Dungeon.
             The game lasted 00:10:13 (2747 turns).

Doobh the Bolt Thrower (Kobold Hunter)              Turns: 2747, Time: 00:10:14

Health: 0/37       AC:  3    Str:  9    XL:     6   Next: 26%
Magic:  6/6        EV:  3    Int: 12    God:
Gold:   93         SH:  0    Dex: 18    Spells: 5/5 levels left

rFire    + . .     SeeInvis .   a - +1 hand crossbow
rCold    . . .     Gourm    .   (shield restricted)
rNeg     + + +     Faith    .   c - +0 leather armour
rPois    ∞         Spirit   .   (no helmet)
rElec    .         Reflect  .   (no cloak)
rCorr    .         Harm     .   (no gloves)
MR       .....                  (no boots)
Stlth    ++........             (no amulet)
HPRegen  0.12/turn              m - ring of positive energy (curse)
MPRegen  0.10/turn              t - ring of protection from fire

@: petrified, lightly drained
A: small, carnivore
a: no special abilities


You were on level 3 of the Dungeon.
You were completely stuffed.

You visited 1 branch of the dungeon, and saw 3 of its levels.
You visited the Abyss 1 time.

You collected 93 gold pieces.

Inventory:

Hand Weapons
 a - a +1 hand crossbow (weapon)
 b - a +0 short sword
 u - a +3 quarterstaff of crushing
Missiles
 d - 27 bolts (quivered)
Armour
 c - a +0 leather armour (worn)
Jewellery
 m - a cursed ring of positive energy (left hand)
 t - a ring of protection from fire (right hand)
Scrolls
 e - a scroll of random uselessness {unknown}
 g - a scroll of fear {unknown}
 i - 2 scrolls of amnesia {unknown}
 j - 3 scrolls of remove curse
 k - 4 scrolls of identify
 q - a scroll of enchant weapon {unknown}
 s - 3 scrolls of teleportation {unknown}
 v - a scroll of immolation {unknown}
 x - a scroll of blinking {unknown}
Potions
 h - a potion of curing
 l - a potion of agility {unknown}
 n - 2 potions of heal wounds {unknown}
 o - a potion of degeneration {unknown}
 p - a potion of brilliance {unknown}
 r - 2 potions of haste {unknown}
Comestibles
 f - 8 rations


   Skills:
 + Level 3.5(3.4) Fighting
 + Level 3.2(3.0) Short Blades
 + Level 5.6(5.5) Crossbows
 + Level 3.9(3.7) Dodging
 + Level 3.7(3.6) Stealth


You had 5 spell levels left.
You didn't know any spells.
Your spell library was empty.

Dungeon Overview and Level Annotations

Branches:
Dungeon (3/15)

Altars:

Annotations:
D:3 Crazy Yiuf


Innate Abilities, Weirdness & Mutations

You are small and have problems with some larger weapons.
You are carnivorous and can eat meat at any time.


Message History

Press: ? - help, Shift-Dir - straight line, f - Crazy Yiuf
Aim: Crazy Yiuf, wielding a +4 quarterstaff of chaos and wearing a +0 cloak (severely wounded)
You shoot a bolt. The bolt hits Crazy Yiuf.
Crazy Yiuf is almost dead.
Crazy Yiuf hits you with a +4 quarterstaff of chaos.
You partially resist.
You feel drained.
Crazy Yiuf hits you with a +4 quarterstaff of chaos.
Crazy Yiuf burns you.
You have turned to stone.
Crazy Yiuf cries, "Cholesterol!
Castle water head."
Crazy Yiuf hits you with a +4 quarterstaff of chaos!
Crazy Yiuf burns you. Crazy Yiuf hits you but does no damage.
Crazy Yiuf hits you with a +4 quarterstaff of chaos!
* * * LOW HITPOINT WARNING * * *
Crazy Yiuf burns you.
Crazy Yiuf hits you with a +4 quarterstaff of chaos!
* * * LOW HITPOINT WARNING * * *
A frilled lizard comes into view.
Crazy Yiuf hits you with a +4 quarterstaff of chaos!
You die...

..#....#...####....###.......#.##
..#.............(................
..#.............(................
....................###.##.#.#.##
###....#.#.#...#...........#.#...
.........l.(.).....####.##.#.#...
##.....#.#.#...#(..####.##.#.#.##
.....#.........................#
...........#....@..........###.#
##..##.....#...#.g.####..<.....#
##..##.#...>...............###.#
..........>.......########.# #.#
##..##............############.#
..<..........#.................##
##.###............############...
..................#............##
.#.###.....###.#...............#


You could see Crazy Yiuf and a frilled lizard (wandering).

Vanquished Creatures
  A hound (D:3)
  An orc priest (D:3)
  Terence (D:2)
  2 adders
  4 gnolls (D:3)
  A howler monkey skeleton (D:3)
  2 worms (D:2)
  3 dart slugs
  A leopard gecko (D:3)
  2 orcs (D:3)
  3 giant cockroaches
  12 hobgoblins
  7 jackals
  2 quokkas (D:3)
  A ball python (D:3)
  8 bats
  5 frilled lizards
  2 goblins
  9 kobolds
  3 rats
70 creatures vanquished.

Notes
Turn   | Place    | Note
-------+----------+-------------------------------------------
     0 | D:1      | Doobh the Kobold Hunter began the quest for the Orb.
     0 | D:1      | Reached XP level 1. HP: 12/12 MP: 1/1
    44 | D:1      | Reached XP level 2. HP: 18/18 MP: 2/2
   211 | D:1      | Reached skill level 1 in Short Blades
   295 | D:1      | Reached skill level 5 in Crossbows
   419 | D:1      | Reached XP level 3. HP: 22/22 MP: 3/3
  1090 | D:2      | Noticed Terence
  1194 | D:2      | Killed Terence
  1194 | D:2      | Reached XP level 4. HP: 18/27 MP: 4/4
  1692 | D:3      | Reached XP level 5. HP: 32/32 MP: 5/5
  2232 | D:3      | Reached XP level 6. HP: 37/37 MP: 6/6
  2711 | D:3      | Found a runed translucent door.
  2712 | D:3      | Noticed Crazy Yiuf
  2734 | D:3      | Cast into level 2 of the Abyss (Crazy Yiuf)
  2740 | D:3      | Escaped the Abyss
  2747 | D:3      | Slain by Crazy Yiuf

Levels and vault maps discovered:
D:1:      lightli_molten_gateway, layout_basic, hex_intersection
D:2:      layout_rooms, uniq_terence
D:3:      layout_basic, kennysheep_generic_room_3, uniq_crazy_yiuf_cottage

Skill      XL: |  1  2  3  4  5 |
---------------+----------------+-----
Short Blades   | 1 2 3 |  3.2
Crossbows      | 5 |  5.6
Stealth        | 2 3 |  3.7
Dodging        | 3 |  3.9
Fighting       | 3 |  3.5

Action                   |  1- 3 |  4- 6 || total
-------------------------+-------+-------++-------
Melee: Short sword       |    31 |     4 ||    35
       Hand crossbow     |       |     1 ||     1
 Fire: Hand crossbow     |    54 |    93 ||   147
  Use: Scroll            |     1 |       ||     1
       Potion            |     1 |       ||     1
  Eat: Chunk             |     9 |     5 ||    14
Armor: Leather armour    |     7 |     8 ||    15
Dodge: Dodged            |    44 |    13 ||    57
